 Dungeon Sprint DCSS version 0.26.1-11-gd32895ea62 (webtiles) character file.

Game seed: 11844962891748581301

2823 Zeld the Severer (level 9, -8/136 HPs)
             Began as a Minotaur Berserker on June 14, 2021.
             Was a High Priest of Trog.
             Killed by angry trees
             ... awakened by a spriggan druid
              (15 damage)
             ... in the Dungeon (Sprint IV: "Fedhas' Mad Dash").
             The game lasted 00:02:28 (5955 turns).

Zeld the Severer (Minotaur Berserker)               Turns: 5955, Time: 00:02:29

Health: -8/136     AC:  3    Str: 25    XL:     9   Next: 45%
Magic:  8/8        EV: 17    Int:  4    God:    Trog [*****.]
Gold:   139        SH:  0    Dex: 10    Spells: 8/8 levels left

rFire    . . .     SeeInvis .   a - +0 battleaxe (vorpal)
rCold    . . .     Faith    .   (shield currently unavailable)
rNeg     . . .     Spirit   .   b - +0 animal skin
rPois    .         Reflect  .   (helmet restricted)
rElec    .         Harm     .   (no cloak)
rCorr    .         Rampage  .   (no gloves)
Will     .....     NoTele   +   (no boots)
Stlth    ..........             i - amulet of invisibility {+Inv}
HPRegen  0.32/turn              (no ring)
MPRegen  0.11/turn              (no ring)

@: berserking (expiring), very quick
A: retaliatory headbutt, horns 2
a: Renounce Religion, Evoke Invisibility, Berserk, Trog's Hand, Brothers in Arms


You were in the Dungeon.
You worshipped Trog.
Trog was extremely pleased with you.
You visited 1 branch You collected 139 gold pieces.

Inventory:

Hand Weapons
 a - a +0 vorpal battleaxe (weapon)
Armour
 b - a +0 animal skin (worn)
Jewellery
 i - the amulet of invisibility (around neck) {+Inv}
   (You found it in the Dungeon)

   [amulet of nothing]

   It lets you turn invisible.
Scrolls
 j - a scroll of remove curse {unknown}
Potions
 c - a potion of curing
 d - a potion of heal wounds
 e - a potion of haste
 f - 2 potions of magic
 g - a potion of berserk rage
Miscellaneous
 k - a condenser vane


   Skills:
 + Level 12.3 Fighting
 * Level 15.4 Axes
 + Level 12.1 Armour
 + Level 11.3 Dodging


You had 8 spell levels left.
You didn't know any spells.
Your spell library was empty.

Dungeon Overview and Level Annotations

Branches:
Dungeon (1/1)

Altars:
Cheibriados
Dithmenos
Elyvilon
Gozag
Hepliaklqana
Kikubaaqudgha
Makhleb
Nemelex Xobeh
Okawaru
Qazlal
Ru
Sif Muna
Trog
Uskayaw
Vehumet
Wu Jian
Xom
Yredelemnul
Zin
The Shining One
Beogh
Jiyva
Lugonu

Shops:
D !=((


Innate Abilities, Weirdness & Mutations

You reflexively headbutt those who attack you in melee.
You have a pair of horns on your head.


Message History

A root smacks you from below!
* * * LOW HITPOINT WARNING * * *
The spriggan druid hits you but does no damage.
You miss the spriggan druid.
Your headbutt misses the spriggan druid.
The spriggan druid is lightly wounded.
Unknown command.
Press: ? - help, v - describe, . - travel
Here: a spriggan druid, wielding a +0 quarterstaff and wearing a +0 robe (lightly wounded)
The floor.
You hit the spriggan druid.
The spriggan druid is moderately wounded.
A tree reaches out and hits you!
* * * LOW HITPOINT WARNING * * *
The spriggan druid completely misses you.
Unknown command.
You completely miss the spriggan druid.
The spriggan druid is moderately wounded.
You are hit by a branch!
You die...

..'.#)).'.._._._._._..'.)#...#...
..#.#...#..._._._._...#..###'##.(
######'##.._._._._._..#..##∩∩.'..
....'...#._._._._._.⌠.###########
....#...###############
♣..######♣♣♣♣♣..♣)#
#####.|'......♣..♣#
.......#♣..♣♣♣.♣i.#
.......#.♣♣.(♣.$@♣
##################


You could see a spriggan druid.

Vanquished Creatures
  2 oklob plants (D)
  3 wandering mushrooms (D)
  3 burning bushes (D)
  A queen bee (D)
  2 scorpions (D)
  4 killer bees (D)
  5 oklob saplings (D)
  A worker ant (D)
  2 spriggans (D)
  A river rat (D)
  A rat (D)
25 creatures vanquished.

Vanquished Creatures (others)
  7 fungi (D)
7 creatures vanquished.

Grand Total: 32 creatures vanquished

Notes
Turn   | Place    | Note
-------+----------+-------------------------------------------
     0 | D        | Zeld the Minotaur Berserker began the quest for the Orb.
     0 | D        | Reached XP level 1. HP: 19/19 MP: 0/0
    12 | D        | Reached skill level 4 in Axes
    12 | D        | Reached XP level 2. HP: 27/27 MP: 1/1
   209 | D        | Noticed an oklob sapling
   496 | D        | Killed an oklob sapling
   496 | D        | Reached ** piety under Trog
   497 | D        | Reached skill level 6 in Axes
   497 | D        | Reached XP level 3. HP: 35/35 MP: 2/2
   738 | D        | Found the amulet of invisibility {+Inv}
   739 | D        | Reached skill level 5 in Fighting
  1181 | D        | Found an opulent altar of Gozag.
  1181 | D        | Found a hazy altar of Hepliaklqana.
  1181 | D        | Found a burning altar of Makhleb.
  1181 | D        | Found a sparkling altar of Nemelex Xobeh.
  1181 | D        | Found a sacrificial altar of Ru.
  1181 | D        | Found a shimmering blue altar of Sif Muna.
  1181 | D        | Found an ornate altar of the Wu Jian Council.
  1181 | D        | Found a shimmering altar of Xom.
  1181 | D        | Found a basalt altar of Yredelemnul.
  1187 | D        | Found a roughly hewn altar of Beogh.
  1187 | D        | Found a snail-covered altar of Cheibriados.
  1189 | D        | Found a viscous altar of Jiyva.
  1189 | D        | Found a bloodstained altar of Trog.
  1189 | D        | Noticed an oklob sapling priest
  1190 | D        | Found an iron altar of Okawaru.
  1190 | D        | Found a shadowy altar of Dithmenos.
  1190 | D        | Found a glowing silver altar of Zin.
  1191 | D        | Found an ancient bone altar of Kikubaaqudgha.
  1191 | D        | Found a hide-covered altar of Uskayaw.
  1192 | D        | Found a stormy altar of Qazlal.
  1192 | D        | Found a white marble altar of Elyvilon.
  1192 | D        | Found a glowing golden altar of the Shining One.
  1193 | D        | Found a corrupted altar of Lugonu.
  1193 | D        | Found a radiant altar of Vehumet.
  1200 | D        | Killed an oklob sapling priest
  1201 | D        | Reached skill level 7 in Axes
  1201 | D        | Reached skill level 5 in Armour
  1201 | D        | Reached XP level 4. HP: 44/44 MP: 0/3
  1407 | D        | HP: 2/66 [acid (13)]
  1411 | D        | Reached skill level 8 in Axes
  1411 | D        | Reached skill level 5 in Dodging
  1411 | D        | Reached XP level 5. HP: 3/51 MP: 4/4
  1977 | D        | Reached *** piety under Trog
  1978 | D        | Reached skill level 9 in Axes
  2286 | D        | Found Moizomn's Jewellery Shop.
  2286 | D        | Found Louducho's Distillery.
  2493 | D        | Noticed a burning bush
  2493 | D        | Noticed a wandering mushroom
  2498 | D        | Reached skill level 10 in Axes
  2498 | D        | Reached XP level 6. HP: 50/61 MP: 5/5
  2684 | D        | Noticed a wandering mushroom
  2688 | D        | Killed a wandering mushroom
  2688 | D        | Reached **** piety under Trog
  2689 | D        | Reached skill level 11 in Axes
  2693 | D        | Killed a wandering mushroom
  2694 | D        | Reached skill level 12 in Axes
  2694 | D        | Reached XP level 7. HP: 70/70 MP: 6/6
  2701 | D        | Killed a burning bush
  2702 | D        | Reached skill level 10 in Fighting
  2702 | D        | Reached skill level 13 in Axes
  2839 | D        | Found Vuva Soh's Antique Weapon Emporium.
  2839 | D        | Found Jiazetyo's Weapon Shoppe.
  3507 | D        | Noticed a queen bee
  3512 | D        | Reached XP level 8. HP: 79/79 MP: 7/7
  3514 | D        | Reached ***** piety under Trog
  3522 | D        | Killed a queen bee
  3523 | D        | Reached skill level 10 in Armour
  3807 | D        | Noticed an oklob plant
  3819 | D        | Killed an oklob plant
  3819 | D        | Received a gift from Trog
  3820 | D        | Reached skill level 14 in Axes
  3820 | D        | Reached skill level 10 in Dodging
  4415 | D        | Noticed a burning bush
  4421 | D        | Killed a burning bush
  4422 | D        | Reached XP level 9. HP: 89/89 MP: 8/8
  4634 | D        | Noticed a burning bush
  4634 | D        | Noticed an oklob plant
  4917 | D        | Noticed a wandering mushroom
  4928 | D        | Killed a burning bush
  5777 | D        | Killed a wandering mushroom
  5783 | D        | Killed an oklob plant
  5784 | D        | Reached skill level 15 in Axes
  5942 | D        | Noticed a spriggan druid
  5954 | D        | HP: 6/136 [spriggan druid/angry trees (13)]
  5955 | D        | Killed from afar by a spriggan druid

Illustrated notes

Levels and vault maps discovered:
D:        dungeon_sprint_fedhas [sprint_temple]

Skill      XL: |  1  2  3  4  5  6  7  8  9 |
---------------+----------------------------+-----
Fighting       | 4 6 7 9 10 11 12 | 12.3
Axes           | 4 6 7 8 10 12 13 14 15 | 15.4
Armour         | 3 4 5 7 9 11 12 | 12.1
Dodging        | 3 4 5 6 8 10 11 | 11.3

Action                   |  1- 3 |  4- 6 |  7- 9 || total
-------------------------+-------+-------+-------++-------
Melee: Hand axe          |    14 |    21 |    29 ||    64
       Headbutt          |     6 |    10 |    11 ||    27
       Battleaxe         |       |       |    28 ||    28
Invok: Berserk           |     4 |     3 |     6 ||    13
       Trog's Hand       |       |       |     1 ||     1
 Abil: Evoke Invisibilit |     1 |       |     2 ||     3
  Use: Scroll            |       |       |     1 ||     1
 Stab: Invisible         |     1 |       |     2 ||     3
Armor: Animal skin       |       |     1 |     1 ||     2
Dodge: Dodged            |     2 |    10 |    13 ||    25
